 Dungeon Crawl Stone Soup version 0.29-a0-887-gcbe080d7e0 (webtiles) character file.

Game seed: 14947228094213722056

255 LynnLen the Sneak (level 5, -2/31 HPs)
             Began as a Vampire Enchanter on July 21, 2022.
             Slain by Dowan
             ... wielding a +2 dagger of draining
              (6 damage)
             ... on level 5 of the Dungeon.
             The game lasted 00:09:38 (3293 turns).

LynnLen the Sneak (Vampire Enchanter)               Turns: 3293, Time: 00:09:40

Health: -2/31      AC:  6    Str:  7    XL:     5   Next: 91%
Magic:  4/8        EV: 12    Int: 24    God:
Gold:   287        SH:  0    Dex: 16    Spells: 2/8 levels left

rFire   . . .      SeeInvis +   a - +2 dagger
rCold   + + .      Faith    .   (no shield)
rNeg    + + +      Spirit   .   n - +0 leather armour
rPois   ∞          Reflect  .   (no helmet)
rElec   .          Harm     .   p - +0 cloak
rCorr   .          Rampage  .   u - +0 pair of gloves
Will    .....                   t - +0 pair of boots
Stlth   +++++.....              (no amulet)
HPRegen 0.00/turn               h - +4 ring of slaying
MPRegen 0.11/turn               o - +6 ring of intelligence

@: confusing by touch, attractive, bloodless, inhibited regen
A: bloodless, fangs 3, see invisible, vampiric 2
a: Bat Form, Revivify


You were on level 5 of the Dungeon.
You visited 1 branch of the dungeon, and saw 5 of its levels.

You collected 287 gold pieces.

Inventory:

Hand Weapons
 a - a +2 dagger (weapon)
Missiles
 b - 6 poisoned darts (quivered)
Armour
 n - a +0 leather armour (worn)
 p - a +0 cloak (worn)
 t - a +0 pair of boots (worn)
 u - a +0 pair of gloves (worn)
Jewellery
 h - a +4 ring of slaying (left hand)
 j - a ring of resist corrosion
 o - a +6 ring of intelligence (right hand)
 w - a +4 ring of slaying
Wands
 d - a wand of iceblast (5)
 s - a wand of charming (6)
Scrolls
 f - a scroll of fear
 g - a scroll of teleportation
 l - 2 scrolls of poison
 q - a scroll of immolation
 v - a scroll of identify
Potions
 c - 2 potions of invisibility
 e - a potion of haste
 r - a potion of flight


   Skills:
 * Level 2.5 Fighting
 * Level 3.3 Short Blades
 + Level 2.6 Dodging
 + Level 7.4 Stealth
 - Level 2.0 Spellcasting
 - Level 4.4 Hexes


You had 2 spell levels left.
You knew the following spells:

 Your Spells              Type           Power      Damage    Failure   Level
a - Confusing Touch       Hex            23%        N/A       9%          3
b - Tukima's Dance        Hex            23%        N/A       9%          3

Your spell library contained the following spells:

 Spells                   Type           Power      Damage    Failure   Level
 Ensorcelled Hibernation  Hex/Ice        24%        N/A       11%         2
 Apportation              Tloc           4%         N/A       19%         1
 Beastly Appendage        Tmut           4%         N/A       19%         1
 Wereblood                Tmut           2%         N/A       26%         2
 Dazzling Flash           Conj/Hex       24%        N/A       22%         3
 Portal Projectile        Hex/Tloc       24%        N/A       22%         3
 Spider Form              Tmut/Pois      2%         N/A       47%         3
 Alistair's Intoxication  Tmut/Pois      1%         N/A       99%         5
 Blade Hands              Tmut           1%         N/A       99%         5
 Malign Gateway           Summ/Tloc      1%         N/A       100%        7
 Summon Horrible Things   Summ           1%         N/A       100%        8


Dungeon Overview and Level Annotations

Branches:
Dungeon (5/15)
 Temple: D:4-7

Altars:

Annotations:
D:5 Dowan, Duvessa


Innate Abilities, Weirdness & Mutations

You do not regenerate when monsters are visible.
You are frail without blood (-20% HP).
You can heal yourself when you bite living creatures.
You are immune to poison.
You have razor-sharp teeth.
You have supernaturally acute eyesight. (SInv)
You are afflicted with vampirism and can become a bat while bloodless.


Message History

* * * LOW HITPOINT WARNING * * *
Duvessa is attracted toward you.
You miss Dowan.
Dowan is lightly wounded.
The shadow imp barely misses you.
Dowan hits you with a +2 dagger of draining.
* * * LOW HITPOINT WARNING * * *
You feel better.
The shadow imp hits you but does no damage.
Dowan closely misses you.
You feel better.
The shadow imp hits you but does no damage.
Duvessa hits you with a +0 short sword! Dowan closely misses you.
As you read the scroll of torment, it crumbles to dust.
You feel a surge of unholy energy.
Dowan convulses!
Duvessa convulses!
Duvessa seems less confused.
The shadow imp barely misses you. Duvessa barely misses you.
Dowan points at you and mumbles some strange words.
You resist with some effort.
Casting: Confusing Touch (quite dangerous; 9% risk of failure)
Confirm with . or Enter, or press ? or * to list all spells.
The spell is quite dangerous to miscast (9% risk of failure)!
Continue anyway?
Your hands begin to glow red.
Duvessa closely misses you. The shadow imp completely misses you.
Dowan mumbles some strange words.
Dowan blinks!
Dowan is attracted toward you.
You hit Duvessa but do no damage. You bite Duvessa, but do no damage.
Duvessa is heavily wounded.
The shadow imp hits you but does no damage.
Duvessa hits you but does no damage. Dowan is attracted toward you.
You hit Duvessa but do no damage.
Duvessa is heavily wounded.
You closely miss Duvessa. Your bite misses Duvessa.
Duvessa is heavily wounded.
The shadow imp hits you.
* * * LOW HITPOINT WARNING * * *
Duvessa hits you with a +0 short sword.
* * * LOW HITPOINT WARNING * * *
Dowan hits you with a +2 dagger of draining.
You die...

..#.#..## #.......## ## #
##......... ##. .# #.....[.#..
...## ..##. #........[.#####.###
....#.......##.#.................
...<..# #.....#.5....#...#......
...#...###.###..@.....#..........
... ........<..e.e#.#.#.#.#......
... ###..#..##....§...#.......#.#
o.. ##........#...#.....#.#.# ...
#..................#.#.# ...
#......#####...##..#.#.# .##
#...........§..###...#..
#....#...#.....####...#.
#....#.......#..# #.#...


You could see Duvessa, Dowan and a shadow imp.

Vanquished Creatures
  A scorpion (D:4)
  A howler monkey (D:5)
  A jelly (D:5)
  An iguana (D:5)
  3 adders
  A white imp (D:5)
  2 dart slugs (D:2)
  4 orcs
  5 bats
  9 endoplasms
  4 giant cockroaches
  9 goblins
  5 hobgoblins
  5 kobolds
  4 quokkas
  2 frilled lizards (D:1)
  8 rats
65 creatures vanquished.

Notes
Turn   | Place    | Note
-------+----------+-------------------------------------------
     0 | D:1      | LynnLen the Vampire Enchanter began the quest for the Orb.
     0 | D:1      | Reached XP level 1. HP: 13/13 MP: 3/3
   204 | D:1      | Reached XP level 2. HP: 5/16 MP: 5/5
   479 | D:1      | Reached skill level 1 in Fighting
   837 | D:1      | Reached skill level 5 in Stealth
  1046 | D:2      | Gained mutation: You are afflicted with vampirism and can
                  | become a bat while bloodless. [Vampire growth]
  1046 | D:2      | Reached XP level 3. HP: 20/20 MP: 6/6
  1050 | D:2      | Learned a level 3 spell: Confusing Touch
  1075 | D:2      | Learned a level 3 spell: Tukima's Dance
  1598 | D:3      | Found a faded altar of an unknown god.
  1906 | D:3      | Reached XP level 4. HP: 26/26 MP: 7/7
  2265 | D:4      | Noticed a scorpion
  2483 | D:4      | Killed a scorpion
  2484 | D:4      | Reached skill level 6 in Stealth
  2560 | D:4      | Reached XP level 5. HP: 30/30 MP: 8/8
  3014 | D:5      | Entered Level 5 of the Dungeon
  3094 | D:5      | Reached skill level 7 in Stealth
  3266 | D:5      | Noticed Dowan
  3270 | D:5      | Noticed Duvessa
  3293 | D:5      | Slain by Dowan

Illustrated notes

Levels and vault maps discovered:
D:1:      dpeg_arrival_oval, layout_basic, minmay_misc_feat_ornament,
          st_stairs_12, grunt_decor_cap, minmay_misc_feat_room,
          kennysheep_pointless_box, grunt_decor_fettered,
          grunt_decor_mini_mirrors, chequers_serial_rivers_small_b,
          minmay_domino_2
D:2:      layout_rooms
D:3:      layout_loops_ring, basic_ecumenical_altar, feat_on_display
D:4:      layout_cave_pools
D:5:      layout_rooms, chequers_serial_rivers_large_b, hangedman_decor_lopped,
          uniq_duvessa

Skill      XL: |  1  2  3  4  5 |
---------------+----------------+-----
Fighting       | 1 2 |  2.5
Stealth        | 5 6 7 |  7.4
Short Blades   | 2 3 |  3.3
Dodging        | |  2.6
Spellcasting   | |  2.0
Hexes          | |  4.4

Action                   |  1- 3 |  4- 6 || total
-------------------------+-------+-------++-------
Melee: Dagger            |    78 |    56 ||   134
       Bite              |     3 |     7 ||    10
 Cast: Confusing Touch   |     1 |     4 ||     5
 Abil: Exsanguinate      |     1 |       ||     1
  Use: Scroll            |     8 |     5 ||    13
       Potion            |       |     3 ||     3
 Stab: Sleeping          |    24 |     5 ||    29
       Distracted        |     2 |     1 ||     3
Armor: Robe              |     5 |       ||     5
       Leather armour    |     2 |    18 ||    20
Dodge: Dodged            |    38 |    36 ||    74

Table legend: (Time is in decaauts)
 A = Elapsed time spent in this place.
 B = Non-inter-level travel time spent in this place.
 C = Inter-level travel time spent in this place.
 D = Time resting spent in this place.
 E = Time spent auto-exploring this place.
 F = Levels seen in this place.
 G = Mean time per level.
                   A        B        C        D        E       F      G
               +--------+--------+--------+--------+--------+-----+--------+
         Total |   3277 |   3277 |      0 |    145 |   2000 |   5 |  655.4 |
       Dungeon |   3277 |   3277 |      0 |    145 |   2000 |   5 |  655.4 |
               +--------+--------+--------+--------+--------+-----+--------+

Top non-repeatable levels by time:
     D:1: 1031 daAuts
     D:3: 863 daAuts
     D:4: 604 daAuts
     D:2: 519 daAuts
     D:5: 258 daAuts
